 Dungeon Crawl Stone Soup version 0.21.1-1-g345015f (webtiles) character file.

130 inc the Magician (level 5, -7/31 HPs)
             Began as an Octopode Conjurer on June 12, 2018.
             Mangled by an orc priest
             ... wielding a +0 war axe
              (9 damage)
             ... on level 3 of the Dungeon.
             The game lasted 00:02:51 (2288 turns).

inc the Magician (Octopode Conjurer)                Turns: 2288, Time: 00:02:52

Health: -7/31      AC:  1    Str:  7    XL:     5   Next: 13%
Magic:  1/12       EV: 13    Int: 18    God:
Gold:   116        SH:  0    Dex: 13    Spells: 10/13 levels left

rFire    . . .     SeeInvis .   f - +0 whip
rCold    . . .     Gourm    .   (no shield)
rNeg     . . .     Faith    .   (helmet restricted)
rPois    .         Spirit   .   (no amulet)
rElec    .         Reflect  .   (no ring)
rCorr    .         Harm     .   (no ring)
MR       .....                  (no ring)
Stlth    +++.......             (no ring)
HPRegen  0.10/turn              (no ring)
MPRegen  0.13/turn              (no ring)
                                (no ring)
                                (no ring)

@: no status effects
A: almost no armour, stealthy swim, amphibious, 8 rings, constrict 8, camouflage
1, gelatinous body 1
a: no special abilities


You were on level 3 of the Dungeon.
You were not hungry.

You visited 1 branch of the dungeon, and saw 3 of its levels.

You collected 116 gold pieces.

Inventory:

Hand Weapons
 f - a +0 whip (weapon)
Jewellery
 g - an uncursed amulet of guardian spirit {unknown}
Scrolls
 d - 2 scrolls of remove curse {unknown}
 e - 2 scrolls of enchant weapon {unknown}
 i - a scroll of enchant armour {unknown}
 k - a scroll of identify {unknown}
 m - a scroll of immolation {unknown}
 o - a scroll of magic mapping {unknown}
Potions
 c - 2 potions of curing {unknown}
 h - 2 potions of magic {unknown}
 j - a potion of cancellation {unknown}
 l - 2 potions of heal wounds {unknown}
 n - a potion of agility {unknown}
Books
 a - a book of Conjurations

   Spells                             Type                      Level
   a - Magic Dart                     Conjuration                  1
   b - Searing Ray                    Conjuration                  2
   c - Dazzling Spray                 Conjuration/Hexes            3
   d - Fulminant Prism                Conjuration/Hexes            4
   e - Force Lance                    Conjuration/Translocation    4
   f - Iskenderun's Mystic Blast      Conjuration                  4
Comestibles
 b - 8 rations


   Skills:
 - Level 2.0 Dodging
 - Level 2.6 Stealth
 + Level 4.8 Spellcasting
 - Level 4.0 Conjurations


You had 10 spell levels left.
You knew the following spells:

 Your Spells              Type           Power        Failure   Level  Hunger
a - Magic Dart            Conj           ###.         2%          1    None
b - Searing Ray           Conj           ###...       4%          2    #......


Dungeon Overview and Level Annotations

Branches:
Dungeon (3/15)

Altars:


Innate Abilities, Weirdness & Mutations

You cannot wear most types of armour.
You are very stealthy in the water. (Stealth+)
You are amphibious.
You can wear up to eight rings at the same time.
You can use your tentacles to constrict eight enemies at once.
Your skin changes colour to match your surroundings (Stealth+).
Your rubbery body absorbs attacks. (AC +1, EV +1)


Message History

You closely miss something. Something hits you.
You barely miss something. Your squeeze misses something.
You hear some strange, mumbled words.
A puff of flame appears from out of thin air!
The puff of flame hits you!
You hit something but do no damage.
The orc priest invokes the aid of Beogh against you.
Beogh smites you!
* * * LOW HITPOINT WARNING * * *
Something hits you but does no damage.
Unknown command.
You barely miss something.
Reactivating autopickup.
You have reached level 5!
You feel agile.
You feel a bit more experienced.
You hit the orc priest. Your grab misses the orc priest.
The orc priest is moderately wounded.
The orc priest hits you with a war axe!
You die...

#.# ... #.# .b.
#.# #g# #o# #@#
######'###
#.........#
#.###.....######
###.....'....#
........####.#
#.........##.#
#.......#.##.#
###########.#.##.#


You could see an orc priest, a goblin and a bat.

Vanquished Creatures
  An orc wizard (D:3)
  3 gnolls (D:3)
  2 adders (D:2)
  An ooze (D:2)
  A worm (D:3)
  2 dart slugs
  2 orcs (D:3)
  2 bats (D:1)
  4 giant cockroaches
  14 goblins
  6 hobgoblins
  5 frilled lizards
  2 kobolds
45 creatures vanquished.

Notes
Turn   | Place    | Note
-------+----------+-------------------------------------------
     0 | D:1      | inc the Octopode Conjurer began the quest for the Orb.
     0 | D:1      | Reached XP level 1. HP: 11/11 MP: 3/3
    80 | D:1      | Reached XP level 2. HP: 3/17 MP: 1/5
   118 | D:1      | Learned a level 2 spell: Searing Ray
   793 | D:1      | Reached XP level 3. HP: 21/21 MP: 5/7
  1611 | D:2      | Reached XP level 4. HP: 27/27 MP: 6/9
  2286 | D:3      | HP: 1/27 [orc priest/divine providence (8)]
  2287 | D:3      | Reached XP level 5. HP: 1/31 MP: 1/12
  2288 | D:3      | Mangled by an orc priest

Skill      XL: |  1  2  3  4 |
---------------+-------------+-----
Spellcasting   | 3 4 |  4.8
Dodging        | |  2.0
Stealth        | |  2.6
Conjurations   | |  4.0

Action                   |  1- 3 |  4- 6 || total
-------------------------+-------+-------++-------
Melee: Unarmed           |    14 |       ||    14
       Tentacles         |     3 |     1 ||     4
       Constrict         |     3 |       ||     3
       Whip              |       |     9 ||     9
 Cast: Magic Dart        |    56 |    33 ||    89
       Searing Ray       |       |     2 ||     2
 Stab: Sleeping          |     1 |       ||     1
  Eat: Chunk             |     2 |     2 ||     4
Armor: Skin              |     1 |       ||     1
Dodge: Dodged            |     9 |       ||     9
